 Dungeon Crawl Stone Soup version 0.29-a0-344-ge2f44be95a (webtiles) character file.

Game seed: 3872722018563184980

115 spaghetti the Skirmisher (level 5, -3/55 HPs)
             Began as an Ogre Wanderer on Apr 21, 2022.
             Was an Initiate of Yredelemnul.
             Hit by a boomerang thrown by an orc (4 damage)
             ... on level 3 of the Dungeon.
             The game lasted 00:05:50 (3650 turns).

spaghetti the Skirmisher (Ogre Wanderer)            Turns: 3650, Time: 00:05:50

Health: -3/55      AC:  3    Str: 17 (18) XL:     5   Next: 0%
Magic:  5/6        EV:  9    Int: 10 (11) God:    Yredelemnul [......]
Gold:   51         SH:  0    Dex: 10      Spells: 4/4 levels left

rFire   . . .      SeeInvis .   a - +0 mace {mace}
rCold   . . .      Faith    .   (no shield)
rNeg    . . .      Spirit   .   f - +0 robe
rPois   .          Reflect  .   (helmet restricted)
rElec   .          Harm     .   (no cloak)
rCorr   +          Rampage  .   (gloves unavailable)
Will    .....                   (boots unavailable)
Stlth   +.........              (no amulet)
HPRegen 0.18/turn               o - ring of wizardry
MPRegen 0.10/turn               s - ring of resist corrosion

@: no status effects
A: large, unfitting armour, tough skin 1, beak, wild magic 1
a: Renounce Religion, Recall Undead Harvest


You were on level 3 of the Dungeon.
You worshipped Yredelemnul.
Yredelemnul was noncommittal.
You visited 1 branch of the dungeon, and saw 4 of its levels.

You collected 166 gold pieces.
You spent 115 gold pieces at shops.


Innate Abilities, Weirdness & Mutations

You are too large for most types of armour.
You have tough skin. (AC +1)
You have a beak for a mouth.
Your spells are a little harder to cast, but a little more powerful.


   Skills:
 * Level 4.7 Fighting
 - Level 1.7 Maces & Flails
 - Level 2.0 Throwing
 + Level 1.4 Invocations
 + Level 4.6 Evocations


You had 4 spell levels left.
You didn't know any spells.
Your spell library was empty.

Inventory:

Hand Weapons
 a - a +0 mace (weapon) {mace}
 d - a +0 dagger {short}
 e - a +1 short sword of draining {short}
   (You took it off a kobold on level 1 of the Dungeon)
Missiles
 c - 13 boomerangs {throwing}
 g - 92 stones {throwing}
Armour
 f - a +0 robe (worn)
Jewellery
 o - a ring of wizardry (left hand)
   (You bought it in a shop on level 3 of the Dungeon)
 s - a ring of resist corrosion (right hand)
   (You found it on level 3 of the Dungeon)
Wands
 r - a wand of acid (10) (quivered)
   (You found it on level 2 of the Dungeon)
Scrolls
 i - a scroll of blinking {unknown}
 j - 3 scrolls of teleportation {unknown}
 k - a scroll of amnesia {unknown}
 l - a scroll of holy word {unknown}
 m - 2 scrolls of noise {unknown}
 n - 2 scrolls of identify {unknown}
 q - 2 scrolls of fear {unknown}
Potions
 h - a potion of mutation {!q}
Miscellaneous
 b - a condenser vane

Dungeon Overview and Level Annotations

Branches:
Dungeon (4/15)
 Temple: D:4-7

Altars:
Yredelemnul

Shops:
D:3 * ### #.# Z.Z

### #.# #o#
..# #.# #{#
#.# #.# #@#
#.# #.# #Z#
#.# #.# #Z#
#.# ##.#
#.#
#.######.∩#
#.#
..........#
#.#
#.#######.#
#.# #.#.##
#.# #.#
#..#.# #)#
#.#


You could see an orc, an adder zombie (ally target), 2 friendly orc zombies and
a friendly dart slug zombie.


Message History

A black mist starts to gather...
You hear an angry hiss.
You hear some strange, mumbled words.
You are confused.
The orc throws a boomerang.
The boomerang hits you.
You feel your strength returning.
You have reached level 5!
You now have 55 max hp (+6).
Unknown command.
Unknown command.
Unknown command.
Unknown command.
Are you sure you want to stumble around while confused and next to your adder zombie? [Y]es or [N]o only, please.
Are you sure you want to stumble around while confused and next to your adder zombie?
Okay, then.
Something hits you.
Your orc zombie hits the orc. 😮 HP[-1]
You take 1 damage, and now have 37/55 hp.
Something hits you but does no damage.
The orc throws a boomerang.
The boomerang barely misses you.
Something barely misses your orc zombie.
Your orc zombie hits the orc but does no damage.
Something bites your orc zombie. Something hits you.
The orc throws a boomerang.
Your orc zombie misses something.
Something bites your orc zombie. 😮 HP[-1]
You take 1 damage, and now have 36/55 hp.
The orc throws a boomerang.
The boomerang hits you.
You hear some strange, mumbled words.
A magic dart appears from out of thin air!
The magic dart hits you.
Your dart slug zombie barely misses the orc. 😮 HP[-7]
You take 7 damage, and now have 29/55 hp.
Something hits you but does no damage. Something hits you.
The orc throws a boomerang.
Your dart slug zombie barely misses the orc.
You feel less confused.
The orc throws a boomerang.
The boomerang hits you.
* * * LOW HITPOINT WARNING * * *
Something hits you.
* * * LOW HITPOINT WARNING * * *
Your orc zombie hits the orc but does no damage. 😨 HP[-5] MP[+1]
You take 5 damage, and now have 24/55 hp.
You miss something. Your peck misses something.
The orc throws a boomerang.
The boomerang barely misses you. Something hits you but does no damage.
Your orc zombie hits the orc but does no damage.
Your dart slug zombie bites the orc but does no damage.
You hear some strange, mumbled words.
You are confused.
Unknown command.
Your orc zombie hits the orc but does no damage.
You hear some strange, mumbled words.
A magic dart appears from out of thin air!
The magic dart hits you!
* * * LOW HITPOINT WARNING * * *
😨 HP[-8]
You take 8 damage, and now have 16/55 hp.
Your dart slug zombie bites the orc but does no damage.
Something hits you.
* * * LOW HITPOINT WARNING * * *
The orc throws a boomerang.
The boomerang hits you.
* * * LOW HITPOINT WARNING * * *
Your orc zombie closely misses the orc. 😱 HP[-8]
You take 8 damage, and now have 8/55 hp.
Okay, then.
Are you sure you want to stumble around while confused and next to your adder zombie?
Okay, then.
Are you sure you want to stumble around while confused and next to your adder zombie?
You hit your adder zombie. The adder zombie barely misses you.
Your orc zombie hits the adder zombie.
Something hits you.
* * * LOW HITPOINT WARNING * * *
Your orc zombie barely misses the orc. 😱 HP[-1]
You take 1 damage, and now have 7/55 hp.
Okay, then.
You are too confused!
You closely miss the adder zombie. Your peck misses the adder zombie.
The adder zombie barely misses you. Something hits you.
* * * LOW HITPOINT WARNING * * *
Your orc zombie hits the adder zombie.
Your dart slug zombie bites the orc but does no damage.
Your orc zombie barely misses the orc.
The adder zombie barely misses you. 😱 HP[-2]
You take 2 damage, and now have 5/55 hp.
You closely miss something.
You feel less confused.
The orc throws a boomerang.
The boomerang closely misses you. Something hits you.
* * * LOW HITPOINT WARNING * * *
Your orc zombie hits the adder zombie.
The adder zombie barely misses you.
Your orc zombie hits the orc but does no damage.
Something hits you.
* * * LOW HITPOINT WARNING * * *
Your dart slug zombie bites the orc but does no damage.
The orc throws a boomerang.
The boomerang hits you.
You die...
Your body rises from the dead as a mindless zombie.

Skill      XL: |  1  2  3  4 |
---------------+-------------+-----
Fighting       | 2 3 4 |  4.7
Invocations    | 1 |  1.4
Maces & Flails | |  1.7
Throwing       | |  2.0
Evocations     | |  4.6

Action                   |  1- 3 |  4- 6 || total
-------------------------+-------+-------++-------
Melee: Mace              |   111 |    36 ||   147
       Punch             |     1 |       ||     1
       Peck              |       |     1 ||     1
Throw: Boomerang         |     7 |     1 ||     8
Evoke: Wand              |     1 |     4 ||     5
       Condenser vane    |     1 |       ||     1
  Use: Potion            |     7 |     3 ||    10
       Scroll            |       |     1 ||     1
 Stab: Distracted        |       |     1 ||     1
Armor: Skin              |    11 |       ||    11
       Robe              |    51 |    11 ||    62
Dodge: Dodged            |    73 |    22 ||    95

Levels and vault maps discovered:
D:1:      minmay_arrival_widening_spiral_narrow, layout_basic,
          shapermc_ecumenical_altar_hornbeckon, minmay_pentomino_r2
D:2:      layout_rooms, basic_altar, grunt_decor_cap,
          chequers_serial_rivers_small_a
D:3:      minmay_recursive_quarters, layout_loops_ring, serial_shops, shop,
          portal_sewer_entry_d, grunt_ministairs_8, dk_noncrumbling_3
D:4:      layout_basic

Notes
Turn   | Place    | Note
-------+----------+-------------------------------------------
     0 | D:1      | spaghetti the Ogre Wanderer began the quest for the Orb.
     0 | D:1      | spaghetti set off with the following items: a +0 mace
                  | {mace}, a condenser vane, 8 boomerangs {throwing}, a +0
                  | dagger {short}, a potion of lignification {!q}, a +0 robe
     0 | D:1      | Reached XP level 1. HP: 19/19 MP: 1/1
     0 | D:1      | magus.rc [v1.9.6]
   263 | D:1      | HP: 5/20 [goblin/+0 dagger (2)]
   271 | D:1      | Reached skill level 2 in Fighting
   278 | D:1      | Reached XP level 2. HP: 12/29 MP: 2/2
   279 | D:1      | HP: 10/43 [goblin/+0 club (2)]
   871 | D:1      | Reached skill level 3 in Fighting
  1033 | D:1      | Reached XP level 3. HP: 32/37 MP: 3/3
  1211 | D:1      | Found a faded altar of an unknown god.
  1900 | D:2      | Gained mutation: You do not regenerate when monsters are
                  | visible. [potion of mutation]
  1900 | D:2      | Gained mutation: Your flesh is cold resistant. (rC+)
                  | [potion of mutation]
  1911 | D:2      | HP: 6/37 [worm (7)]
  2222 | D:2      | Found a basalt altar of Yredelemnul.
  2240 | D:2      | Became a worshipper of Yredelemnul the Dark
  2626 | D:3      | Lost mutation: Your flesh is cold resistant. (rC+) [potion
                  | of mutation]
  2626 | D:3      | Lost mutation: You do not regenerate when monsters are
                  | visible. [potion of mutation]
  2626 | D:3      | Gained mutation: You have a beak for a mouth. [potion of
                  | mutation]
  2626 | D:3      | Gained mutation: Your spells are a little harder to cast,
                  | but a little more powerful. [potion of mutation]
  2645 | D:3      | Reached * piety under Yredelemnul
  2646 | D:3      | Reached skill level 4 in Fighting
  2646 | D:3      | Reached XP level 4. HP: 19/48 MP: 4/4
  2676 | D:3      | HP: 11/48 [orc/+0 falchion (6)]
  2685 | D:3      | HP: 2/48 [orc/boomerang (5)]
  3021 | D:3      | Reached skill level 1 in Invocations
  3343 | D:3      | Found Pivath's Assorted Antiques.
  3363 | D:3      | Bought a notched steel ring for 115 gold pieces
  3367 | D:3      | HP: 12/49 [poisoned by an adder]
  3638 | D:3      | Reached XP level 5. HP: 38/55 MP: 4/6
  3647 | D:3      | HP: 13/55 [something (3)]
  3649 | D:3      | HP: 5/55 [something (2)]
  3650 | D:3      | HP: 2/55 [something (3)]
  3650 | D:3      | Hit by a boomerang thrown by an orc

Vanquished Creatures
  4 adders (D:3)
  2 worms
  3 dart slugs
  9 orcs (D:3)
  2 endoplasms (D:2)
  3 giant cockroaches
  7 goblins
  3 hobgoblins
  A jackal (D:3)
  5 kobolds
  7 ball pythons
  7 bats
  A frilled lizard (D:3)
  A rat (D:1)
55 creatures vanquished.

Vanquished Creatures (collateral kills)
  A bat (D:3)
  2 goblins (D:3)
  A frilled lizard (D:3)
  A rat (D:3)
5 creatures vanquished.

Vanquished Creatures (others)
  A ball python zombie (D:3)
  A frilled lizard zombie (D:3)
  2 giant cockroach zombies (D:3)
  A hobgoblin zombie (D:3)
  A jackal zombie (D:3)
  2 orc zombies (D:3)
8 creatures vanquished.

Grand Total: 68 creatures vanquished

Table legend:
 A = Non-vault XP
 B = Vault XP
 C = Vault XP percentage of total XP
 D = Non-vault monster count
 E = Vault monster count
 F = Vault count percentage of total count
                 A         B        C        D         E       F
            +---------+---------+-------+---------+---------+-------
      Total |     122 |      43 |  26.1 |      44 |      16 |  26.7
            +---------+---------+-------+---------+---------+-------
        D:1 |      34 |       3 |   8.1 |      22 |       2 |   8.3
        D:2 |      14 |       0 |   0.0 |       7 |       0 |   0.0
        D:3 |      74 |      40 |  35.1 |      15 |      14 |  48.3
            +---------+---------+-------+---------+---------+-------

Illustrated notes

Table legend:
 A = Kills in this place as a percentage of kills in entire the game.
 B = Kills by you in this place as a percentage of kills by you in the entire game.
 C = Kills by friends in this place as a percentage of kills by friends in the entire game.
 D = Other kills in this place as a percentage of other kills in the entire game.
 E = Experience gained in this place as a percentage of experience gained in the entire game.
 F = Experience gained in this place divided by the number of levels of this place that you have seen.
                   A       B       C       D       E      F
               +-------+-------+-------+-------+-------+----------------------
         Total | 100.0 | 100.0 | 100.0 |   N/A | 100.0 |  41.2
       Dungeon | 100.0 | 100.0 | 100.0 |   N/A | 100.0 |  41.2
               +-------+-------+-------+-------+-------+----------------------

Table legend: (Time is in decaauts)
 A = Elapsed time spent in this place.
 B = Non-inter-level travel time spent in this place.
 C = Inter-level travel time spent in this place.
 D = Time resting spent in this place.
 E = Time spent auto-exploring this place.
 F = Levels seen in this place.
 G = Mean time per level.
                   A        B        C        D        E       F      G
               +--------+--------+--------+--------+--------+-----+--------+
         Total |   3711 |   3634 |     77 |   1307 |   1869 |   4 |  927.8 |
       Dungeon |   3711 |   3634 |     77 |   1307 |   1869 |   4 |  927.8 |
               +--------+--------+--------+--------+--------+-----+--------+

Top non-repeatable levels by time:
     D:1: 1684 daAuts
     D:3: 1032 daAuts
     D:2: 842 daAuts
     D:4: 151 daAuts
